 Dungeon Crawl Stone Soup version 0.30-a0-373-gd37427bb62 (webtiles) character file.

Game seed: 4251242722301193536

300 Raultor the Changer (level 6, 0/38 HPs)
             Began as an Octopode Transmuter on Nov 23, 2022.
             Killed from afar by Duvessa (14 damage)
             ... with a bolt of dispelling energy
             ... on level 4 of the Dungeon.
             The game lasted 00:09:57 (2907 turns).

Raultor the Changer (Octopode Transmuter)           Turns: 2907, Time: 00:09:58

Health: 0/38       AC:  1    Str: 12    XL:     6   Next: 36%
Magic:  16/18      EV: 13    Int: 21    God:
Gold:   158        SH:  0    Dex: 12    Spells: 2/9 levels left

rFire   . . .      SeeInvis .      - Unarmed
rCold   . . .      Faith    .    (no shield)
rNeg    . . .      Spirit   .    (helmet restricted)
rPois   .          Reflect  .    (no amulet)
rElec   .          Harm     .    I - +6 ring of intelligence
rCorr   .          Rampage  .    M - ring of magical power
Will    .....                    (no ring)
Stlth   ++........               (no ring)
HPRegen 0.26/turn                (no ring)
MPRegen 0.16/turn                (no ring)
                                 (no ring)
                                 (no ring)

@: no status effects
A: almost no armour, amphibious, 8 rings, camouflage 1, gelatinous body 1,
(nimble swimmer 1), tentacles
a: no special abilities


You were on level 4 of the Dungeon.
You visited 1 branch of the dungeon, and saw 4 of its levels.

You collected 158 gold pieces.


Innate Abilities, Weirdness & Mutations

You cannot wear most types of armour.
You are amphibious.
You can wear up to eight rings at the same time.
Your skin changes colour to match your surroundings (Stealth+).
Your rubbery body absorbs attacks. (AC +1, EV +1)
((You are camouflaged when in or above water. (Stealth+)))
You have tentacles for arms and can constrict up to eight enemies at once.


   Skills:
 - Level 1.0 Fighting
 - Level 2.0 Dodging
 - Level 3.0 Unarmed Combat
 - Level 2.0 Spellcasting
 + Level 5.0 Transmutations
 * Level 3.8 Ice Magic


You had 2 spell levels left.
You knew the following spells:

 Your Spells              Type           Power      Damage    Failure   Level
b - Beastly Appendage     Tmut           46%        N/A       1%          1
c - Ice Form              Ice/Tmut       20%        N/A       24%         4
w - Wereblood             Tmut           23%        N/A       2%          2

Your spell library contained the following spells:

 Spells                   Type           Power      Damage    Failure   Level
 Frozen Ramparts          Ice            36%        1d6       9%          3
 Spider Form              Tmut/Pois      12%        N/A       16%         3
 Gell's Gravitas          Tloc           2%         N/A       41%         3
 Teleport Other           Tloc           2%         N/A       41%         3
 Summon Ice Beast         Ice/Summ       10%        N/A       54%         4
 Dispersal                Tloc           1%         N/A       100%        6

Inventory:

Jewellery
 I - a +6 ring of intelligence (left tentacle)
 M - a ring of magical power (right tentacle)
Wands
 i - a wand of quicksilver (5)
Scrolls
 c - 3 scrolls of teleportation {unknown}
 d - a scroll of brand weapon {unknown}
 h - 5 scrolls of identify {unknown}
 k - a scroll of fear {unknown}
 m - 2 scrolls of immolation {unknown}
 n - a scroll of blinking {unknown}
Potions
 a - 2 potions of lignification
 b - a potion of attraction {unknown}
 e - 3 potions of brilliance {unknown}
 f - a potion of mutation {unknown}
 j - a potion of degeneration {unknown}
 l - a potion of magic {unknown}

Dungeon Overview and Level Annotations

Branches:
Dungeon (4/15)
 Temple: D:4-7

Altars:
Okawaru

Shops:
D:3 [

Annotations:
D:2 1 runed translucent door, Crazy Yiuf
D:4 Dowan, Duvessa

### ### #..# #.. #...#
###########.#
#....#####.........#.#
#..................#.#
.#..................#.##
.......................#
...<.w.@.......[....#..#
.......o............#...
.).....e.e..........+.##
........).(.......†.####
....................#
....................#
#######...!.........#
#.............# #
############### .


You could see Duvessa (fast), Dowan, a dart slug and an orc.


Message History

Blork the orc completely misses you.
A dart slug comes into view.
You hit Blork the orc. You freeze Blork the orc.
Blork the orc is heavily wounded.
Dowan hits you but does no damage. The orc hits you but does no damage.
Blork the orc points at you and mumbles some strange words.
The puff of frost hits you. You resist.
You punch Blork the orc! You freeze Blork the orc.
You kill Blork the orc!
The orc hits you with a +0 club. Dowan closely misses you.
Your Transmutations skill increases to level 5!
You hit Duvessa.
Duvessa is lightly wounded.
Duvessa zaps a wand.
The bolt of dispelling energy hits you!
Your magical effects are unravelling.
* * * LOW HITPOINT WARNING * * *
You warm up again.
You feel yourself slow down. The orc closely misses you.
Duvessa zaps a wand.
The bolt of dispelling energy misses you.
Duvessa attacks as you move away! Duvessa hits you with a +0 rapier.
* * * LOW HITPOINT WARNING * * *
Found a mace.
The orc hits you with a +0 club.
* * * LOW HITPOINT WARNING * * *
Duvessa zaps a wand.
The bolt of dispelling energy misses you.
Duvessa zaps a wand.
The bolt of dispelling energy hits you!
You die...

Skill      XL: |  1  2  3  4  5  6 |
---------------+-------------------+-----
Transmutations | 3 4 5 |  5.0
Ice Magic      | 2 3 |  3.8
Fighting       | |  1.0
Dodging        | |  2.0
Unarmed Combat | |  3.0
Spellcasting   | |  2.0

Action                   |  1- 3 |  4- 6 || total
-------------------------+-------+-------++-------
Melee: Unarmed           |    74 |    79 ||   153
       Tentacles         |    15 |    15 ||    30
       Constrict         |    23 |    14 ||    37
       Kick              |    15 |    12 ||    27
       Punch             |       |     2 ||     2
 Cast: Beastly Appendage |     8 |     9 ||    17
       Wereblood         |     1 |     1 ||     2
       Ice Form          |       |     1 ||     1
  Use: Potion            |       |     1 ||     1
 Stab: Sleeping          |     5 |     5 ||    10
       Distracted        |       |     1 ||     1
Armor: Skin              |    10 |     9 ||    19
Dodge: Dodged            |    44 |    45 ||    89

Levels and vault maps discovered:
D:1:      lightli_molten_gateway, layout_rooms, serial_rivers,
          chequers_serial_rivers_marsh, chequers_serial_rivers_room_a,
          chequers_serial_rivers_large_a, chequers_serial_rivers_small_a,
          chequers_serial_rivers_room_a, chequers_serial_rivers_room_b
D:2:      layout_basic, uniq_crazy_yiuf_cottage, uniq_natasha
D:3:      layout_basic, lemuel_tele_altar, serial_shops, shop,
          shapermc_ecumenical_altar_starsandcircs
D:4:      layout_basic, lemuel_round_altar, zin_treasury, uniq_duvessa,
          uniq_blork_the_orc, uniq_menkaure

Notes
Turn   | Place    | Note
-------+----------+-------------------------------------------
     0 | D:1      | Raultor the Octopode Transmuter began the quest for the
                  | Orb.
     0 | D:1      | Reached XP level 1. HP: 13/13 MP: 3/3
    66 | D:1      | Reached XP level 2. HP: 10/18 MP: 3/5
    72 | D:1      | Learned a level 2 spell: Wereblood
   156 | D:1      | Reached skill level 3 in Transmutations
   230 | D:1      | Reached XP level 3. HP: 23/23 MP: 2/6
   921 | D:2      | Reached skill level 4 in Transmutations
   921 | D:2      | Reached XP level 4. HP: 17/28 MP: 5/7
   928 | D:1      | Learned a level 4 spell: Ice Form
  1130 | D:2      | Noticed Natasha
  1139 | D:2      | Killed Natasha
  1140 | D:2      | Reached skill level 1 in Ice Magic
  1170 | D:2      | Noticed Natasha
  1176 | D:2      | Killed Natasha
  1203 | D:2      | Reached skill level 2 in Ice Magic
  1203 | D:2      | Reached XP level 5. HP: 22/33 MP: 6/8
  1308 | D:2      | Noticed Natasha
  1317 | D:2      | Killed Natasha
  1458 | D:2      | Found a runed translucent door.
  1459 | D:2      | Noticed Crazy Yiuf
  1582 | D:3      | Found Hiutitum's Armour Boutique.
  1759 | D:3      | Found an iron altar of Okawaru.
  1851 | D:3      | Found a faded altar of an unknown god.
  2225 | D:3      | Reached skill level 3 in Ice Magic
  2496 | D:4      | Reached XP level 6. HP: 20/38 MP: 6/9
  2887 | D:4      | Noticed Blork the orc
  2891 | D:4      | Noticed Dowan
  2895 | D:4      | Noticed Duvessa
  2903 | D:4      | Killed Blork the orc
  2904 | D:4      | Reached skill level 5 in Transmutations
  2907 | D:4      | Killed from afar by Duvessa

Vanquished Creatures
  Blork the orc (D:4)
  A hound (D:2)
  Natasha (thrice) (D:2)
  An orc wizard (D:4)
  3 adders
  2 worms (D:2)
  4 dart slugs
  5 orcs
  3 bats (D:1)
  5 endoplasms
  6 goblins
  7 hobgoblins
  4 jackals
  8 kobolds
  9 ball pythons
  2 frilled lizards
  5 rats
69 creatures vanquished.

Table legend: (Time is in decaauts)
 A = Elapsed time spent in this place.
 B = Non-inter-level travel time spent in this place.
 C = Inter-level travel time spent in this place.
 D = Time resting spent in this place.
 E = Time spent auto-exploring this place.
 F = Levels seen in this place.
 G = Mean time per level.
                   A        B        C        D        E       F      G
               +--------+--------+--------+--------+--------+-----+--------+
         Total |   2895 |   2664 |    231 |      0 |   2062 |   4 |  723.8 |
       Dungeon |   2895 |   2664 |    231 |      0 |   2062 |   4 |  723.8 |
               +--------+--------+--------+--------+--------+-----+--------+

Top non-repeatable levels by time:
     D:3: 918 daAuts
     D:2: 767 daAuts
     D:1: 729 daAuts
     D:4: 480 daAuts

Table legend:
 A = Non-vault XP
 B = Vault XP
 C = Vault XP percentage of total XP
 D = Non-vault monster count
 E = Vault monster count
 F = Vault count percentage of total count
                 A         B        C        D         E       F
            +---------+---------+-------+---------+---------+-------
      Total |     304 |     125 |  29.1 |      67 |       2 |   2.9
            +---------+---------+-------+---------+---------+-------
        D:1 |      48 |       0 |   0.0 |      27 |       0 |   0.0
        D:2 |     173 |      35 |  16.8 |      20 |       1 |   4.8
        D:3 |      23 |       0 |   0.0 |      13 |       0 |   0.0
        D:4 |      60 |      90 |  60.0 |       7 |       1 |  12.5
            +---------+---------+-------+---------+---------+-------
